 Dungeon Crawl Stone Soup version 0.16-a0-3911-g06eb01e (webtiles) character file.

281 timbw the Chopper (level 6, -3/47 HPs)
             Began as a Human Fighter on Feb 4, 2015.
             Slain by a scorpion (6 damage)
             ... on level 6 of the Dungeon.
             The game lasted 00:03:41 (1535 turns).

timbw the Chopper (Human Fighter)                   Turns: 1535, Time: 00:03:41

Health: -3/47      AC: 12    Str: 18    XL:     6   Next: 53%
Magic:  6/6        EV:  3    Int: 12    God:
Gold:   68         SH:  9    Dex: 12    Spells: 0 memorised, 5 levels left

rFire  . . .     SeeInvis .     a - +0 war axe
rCold  . . .     Clarity  .     m - +0 plate armour
rNeg   . . .     SustAb   .     c - +0 shield
rPois  .         Gourm    .     k - +0 helmet {Int+3}
rElec  .         Spirit   .     (no cloak)
rCorr  .         Warding  .     (no gloves)
rMut   .         Stasis   .     (no boots)
MR     .....                    (no amulet)
Stlth  ..........               (no ring)
                                f - ring of stealth

@: lethally poisoned (-3 -> -19), not resistant to hostile enchantments,
extremely unstealthy
A: no striking features
a: no special abilities


You were on level 6 of the Dungeon.
You were not hungry.

You visited 1 branch of the dungeon, and saw 6 of its levels.

You collected 68 gold pieces.

Inventory:

Hand weapons
 a - a +0 war axe (weapon)
Armour
 b - a +0 scale mail
 c - a +0 shield (worn)
 k - a +0 helmet of intelligence (worn)
 m - a +0 plate armour (worn)
Jewellery
 f - a ring of stealth (left hand)
Scrolls
 e - 2 scrolls of magic mapping {unknown}
 h - a scroll of identify {unknown}
 j - a scroll of remove curse {unknown}
 l - a scroll of brand weapon {unknown}
Potions
 g - a potion of degeneration {unknown}
Comestibles
 d - 2 bread rations
 i - a chunk of flesh


   Skills:
 - Level 3.0 Fighting
 + Level 6.4 Axes
 - Level 3.0 Armour
 - Level 3.0 Shields


You had 5 spell levels left.
You didn't know any spells.

Dungeon Overview and Level Annotations

Branches:
Dungeon (6/15)
 Temple: D:4-7

Altars:
Cheibriados

Shops:
D:4 *

Annotations:
D:6 1 runed door


Message History

The kobold shouts!
The goblin shouts!
An adder comes into view.
You feel sick.
The kobold wields a blowgun.
The kobold shoots a poisoned needle.
The poisoned needle hits you!
You are lethally poisoned!
Found 21 sling bullets.
A bat comes into view.
There is a stone staircase leading down here.
You see here a poisoned needle.
The kobold shoots a poisoned needle.
The poisoned needle hits you!
You are more poisoned.
You block the giant mite's attack. The adder bites you.
* * * LOW HITPOINT WARNING * * *
You climb downwards.
You hear the hiss of flowing sand.
There is an entrance to an ossuary on this level.
Hurry and find it before the portal is buried!
Level annotation: 1 runed door
* * * LOW HITPOINT WARNING * * *
You feel sick. The scorpion stings you.
You die...

#....#.....# .[.
#...s#######....
#..(.s..........
#...............#
########'#######
....###...#### #.
.......s.....#....
.............#....
........@s.......#
.......s.<...#.#.#
............# ..
.#..#####.#####
...##.........# ..
#.###.###.#
#.....# #.....#
...._......


You could see a scorpion and 2 giant mites.

Vanquished Creatures
  A scorpion (D:4)
  A crimson imp (D:5)
  A centaur skeleton (D:4)
  2 worker ants (D:6)
  A hound zombie (D:6)
  2 adders
  3 gnolls (D:5)
  3 giant mites (D:6)
  2 orcs
  2 ball pythons
  3 bats
  A bat skeleton (D:4)
  6 giant cockroaches
  4 goblins
  2 hobgoblins
  A kobold (D:1)
  A ball python skeleton (D:4)
  2 giant geckos
  A giant newt (D:2)
  A quokka skeleton (D:5)
  2 rats
42 creatures vanquished.

Notes
Turn   | Place    | Note
--------------------------------------------------------------
     0 | D:1      | timbw, the Human Fighter, began the quest for the Orb.
     0 | D:1      | Reached XP level 1. HP: 18/18 MP: 1/1
   123 | D:2      | Reached XP level 2. HP: 22/24 MP: 2/2
   295 | D:3      | Reached XP level 3. HP: 12/29 MP: 3/3
   365 | D:4      | Found Oqempeq's Assorted Antiques.
   430 | D:4      | Noticed a scorpion
   464 | D:4      | Killed a scorpion
   464 | D:4      | Reached skill level 4 in Axes
   464 | D:4      | Reached XP level 4. HP: 15/35 MP: 4/4
  1070 | D:4      | Reached XP level 5. HP: 10/41 MP: 5/5
  1273 | D:5      | Entered Level 5 of the Dungeon
  1290 | D:5      | Reached skill level 5 in Axes
  1434 | D:6      | Found a snail-covered altar of Cheibriados.
  1466 | D:6      | Found a runed door.
  1476 | D:6      | Reached XP level 6. HP: 41/47 MP: 6/6
  1485 | D:6      | Found a runed door.
  1495 | D:6      | Reached skill level 6 in Axes
  1535 | D:6      | Slain by a scorpion

Action                   |  1- 3 |  4- 6 || total
-------------------------+-------+-------++-------
Melee: War axe           |    58 |    98 ||   156
  Use: Potion            |     1 |       ||     1
  Eat: Chunk             |       |     2 ||     2
